AoeStats
← Samta

Four Lakes

509854586Analyzed
1v1 RM · 2d ago on Sep 28, 2026· 76m 17s· 2 players
Game mode
Random Map
Map size
Tiny (2 player)
Population
200
Speed
Normal
Resources
Standard
Victory
Conquest
Starting age
Dark Age
Ending age
Imperial Age
RankedLock teamsTeams togetherTeam positionsShared explorationLock speedFull tech treeHidden civsTurbo modeCheats
Victory
Defeat
🇬🇧 Franks · United Kingdom
1067
+17
🇧🇷 Japanese · Brazil
1082
-17
Samta
7:34 Loom
10:51 Feudal Age
11:40 Double-Bit Axe
12:15 Fishing Lines
14:19 Wheelbarrow
17:07 Gold Mining
17:49 Scale Barding Armor
17:54 Forging
20:56 Castle Age
21:39 Scale Barding Armor
21:45 Forging
23:26 Chain Barding Armor
25:24 Hand Cart
27:05 Gillnets
31:47 Padded Archer Armor
31:37 Fletching
34:33 Bodkin Arrow
34:54 Leather Archer Armor
35:20 Bow Saw
40:15 Imperial Age
38:46 Bodkin Arrow
39:08 Leather Archer Armor
41:14 Iron Casting
40:16 Cavalier
41:21 Ballistics
40:26 Cranequins
42:40 Conscription
42:58 Husbandry
50:57 Gold Shaft Mining
51:54 Plate Barding Armor
54:35 Stone Mining
54:38 Paladin
60:59 Chemistry
61:32 Heavy Mounted Crossbowman
63:25 Blast Furnace
guilherme
8:15 Loom
12:20 Feudal Age
12:25 Man-at-Arms
13:12 Fishing Lines
19:54 Castle Age
19:55 Double-Bit Axe
20:36 Pikeman
22:10 Forging
28:23 Iron Casting
28:20 Gillnets
36:11 Bow Saw
40:20 Scale Mail Armor
45:00 Imperial Age
43:04 Elite Skirmisher
43:52 Fletching
44:02 Padded Archer Armor
48:49 Halberdier
51:22 Leather Archer Armor
55:18 Blast Furnace
54:15 Bodkin Arrow
55:53 Ring Archer Armor
59:36 Chain Mail Armor
62:16 Gambesons
62:33 Squires
62:19 Arson
Connection lost

Rejoining the realm…

Still unreachable

The connection could not be restored.

Session expired

The server has moved on; the page needs a fresh start.